 Dungeon Crawl Stone Soup version 0.30-a0-603-g51a0fb1b98 (webtiles) character file.

Game seed: 11690559676744289298

1509 Cis the Slasher (level 8, -1/71 HPs)
             Began as a Minotaur Berserker on Jan 8, 2023.
             Was an Elder of Trog.
             Slain by Duvessa
             ... wielding a +0 vampiric short sword
              (8 damage)
             ... on level 4 of the Dungeon.
             The game lasted 00:17:17 (4024 turns).

Cis the Slasher (Minotaur Berserker)                Turns: 4024, Time: 00:17:18

Health: -1/71      AC:  8    Str: 27    XL:     8   Next: 53%
Magic:  7/7        EV: 13    Int:  4    God:    Trog [****..]
Gold:   387        SH:  0    Dex: 12    Spells: 7/7 levels left

rFire   + . .      SeeInvis .    y - +7 Throatcutter {drain, coup de grace}
rCold   + . .      Faith    .    (no shield)
rNeg    . . .      Spirit   .    C - +2 robe {rC+}
rPois   +          Reflect  .    (helmet restricted)
rElec   .          Harm     .    f - +0 cloak
rCorr   .          Rampage  .    s - +2 pair of gloves "Hingufar" {rF+ Str+2 Dex+3}
Will    .....                    (no boots)
Stlth   ++                       (no amulet)
HPRegen 0.31/turn                E - ring of poison resistance
MPRegen 0.10/turn                (no ring)

@: no status effects
A: horns 2, retaliatory headbutt
a: Renounce Religion, Berserk, Trog's Hand, Brothers in Arms


You were on level 4 of the Dungeon.
You worshipped Trog.
Trog was greatly pleased with you.
You visited 1 branch of the dungeon, and saw 6 of its levels.

You collected 387 gold pieces.

Inventory:

Hand Weapons
 a - a +0 mace
 y - the +7 Throatcutter (weapon) {drain, coup de grace}
   (You took it off Terence on level 3 of the Dungeon)

   It may instantly kill foes which have little health.
 B - a +2 whip of freezing
Missiles
 o - 6 boomerangs (quivered)
 z - 4 poisoned darts
Armour
 f - a +0 cloak (worn)
 s - the +2 pair of gloves "Hingufar" (worn) {rF+ Str+2 Dex+3}
   (You found it on level 2 of the Dungeon)

   Str:       It affects your strength (+2).
   Dex:       It affects your dexterity (+3).
   rF:        It protects you from fire.
 C - a +2 robe of cold resistance (worn)
Jewellery
 E - a ring of poison resistance (left hand)
Wands
 n - a wand of roots (9)
 q - a wand of acid (11)
 u - a wand of paralysis (7)
Scrolls
 c - 3 scrolls of identify {unknown}
 e - a scroll of amnesia {unknown}
 i - a scroll of fear {unknown}
 j - a scroll of teleportation {unknown}
 p - 3 scrolls of acquirement {unknown}
 x - a scroll of enchant armour {unknown}
 A - a scroll of fog {unknown}
 D - a scroll of vulnerability {unknown}
Potions
 b - 2 potions of haste {unknown}
 d - 5 potions of degeneration {unknown}
 g - a potion of might {unknown}
 h - 4 potions of curing {unknown}
 k - a potion of resistance {unknown}
 l - 2 potions of mutation {unknown}
 m - 2 potions of lignification {unknown}
 r - a potion of ambrosia {unknown}
 t - a potion of attraction {unknown}
 v - 2 potions of flight {unknown}
 w - a potion of brilliance {unknown}
 F - 2 potions of cancellation {unknown}


   Skills:
 + Level 6.6 Fighting
 + Level 7.0 Long Blades
 + Level 6.6 Maces & Flails
 + Level 4.4 Armour
 + Level 5.0 Dodging
 + Level 2.1 Stealth


You had 7 spell levels left.
You didn't know any spells.
Your spell library was empty.

Dungeon Overview and Level Annotations

Branches:
Dungeon (6/15)             Temple (0/1) D:4

Altars:
Hepliaklqana
Okawaru

Annotations:
D:4 1 transporter, Duvessa; Leeroy's ghost, amateur OpTm


Innate Abilities, Weirdness & Mutations

You have a pair of horns on your head.
You reflexively headbutt those who attack you in melee.


Message History

You headbutt Dowan! You hit Dowan but do no damage.
Dowan is moderately wounded.
Dowan says, "Magic and the sword, together, will defeat you."
Dowan hits you with a +0 dagger of venom.
Something hits you but does no damage.
You miss Dowan.
Dowan is moderately wounded.
Dowan closely misses you. Something hits you but does no damage.
You barely miss Dowan. You headbutt Dowan!
Dowan is severely wounded.
Dowan hits you with a +0 dagger of venom.
Something hits you.
You hit Dowan.
You behead Dowan!
You kill Dowan!
Trog accepts your kill.
Trog appreciates your killing of a magic user.
Something screams in rage.
Something hits you! Something hits you but does no damage.
Your Long Blades skill increases to level 7!
Your Dodging skill increases to level 5!
You slash something! Something hits you! Something barely misses you.
You hit something. Something hits you but does no damage.
You completely miss something. Your headbutt misses something.
Something hits you. Something hits you!
* * * LOW HITPOINT WARNING * * *
You hit something. Something hits you.
* * * LOW HITPOINT WARNING * * *
You hit something. You headbutt something. Your punch misses something.
Something hits you.
* * * LOW HITPOINT WARNING * * *
Something hits you.
* * * LOW HITPOINT WARNING * * *
You completely miss something. Something hits you but does no damage.
You closely miss something.
Something hits you but does no damage. x2
You hit something. You headbutt something. Something hits you.
* * * LOW HITPOINT WARNING * * *
You miss something. Your headbutt misses something.
Something hits you but does no damage. Something hits you!
You die...

#########......#5...
#......##......##...
#......##....†..#5W.
#......##.......####
#!.....##..........:
#.....###+###.......
#.....#.....#......#
#....<#.⌠†⌠.#.######
#.)@{.'..>..'.#
#.....#.⌠.⌠.###
#.....#.....#
#.....###+###
#####... #####


There were no monsters in sight!

Vanquished Creatures
  Pikel (D:5)
  Sigmund (D:3)
  2 black bears
  A sky beast (D:6)
  A lemure (D:5)
  A necrophage (D:5)
  A scorpion (D:5)
  Dowan (D:4)
  A howler monkey (D:3)
  A hound (D:4)
  3 jellies
  Ijyb (D:3)
  Terence (D:3)
  An iguana (D:5)
  3 orc wizards (D:3)
  3 gnolls (D:4)
  2 adders
  7 worms
  A dart slug (D:4)
  6 orcs
  10 endoplasms
  2 giant cockroaches (D:1)
  12 hobgoblins
  5 jackals
  9 kobolds
  4 quokkas
  10 ball pythons
  10 bats
  2 frilled lizards
  10 goblins
  7 rats
120 creatures vanquished.

Vanquished Creatures (others)
  4 toadstools (D:1)
4 creatures vanquished.

Grand Total: 124 creatures vanquished

Notes
Turn   | Place    | Note
-------+----------+-------------------------------------------
     0 | D:1      | Cis the Minotaur Berserker began the quest for the Orb.
     0 | D:1      | Reached XP level 1. HP: 19/19 MP: 0/0
    54 | D:1      | Found a large runed translucent door.
    54 | D:1      | Found a large runed translucent door.
   131 | D:1      | Reached XP level 2. HP: 26/27 MP: 1/1
   656 | D:1      | Reached ** piety under Trog
   820 | D:1      | Reached XP level 3. HP: 25/33 MP: 2/2
  1773 | D:2      | Identified the +2 pair of gloves "Hingufar" {rF+ Str+2
                  | Dex+3}
  2008 | D:2      | Reached XP level 4. HP: 33/41 MP: 3/3
  2070 | D:3      | Noticed Ijyb
  2083 | D:3      | Noticed Sigmund
  2087 | D:3      | Killed Ijyb
  2234 | D:3      | Killed Sigmund
  2235 | D:3      | Reached skill level 5 in Maces & Flails
  2235 | D:3      | Reached skill level 1 in Stealth
  2235 | D:3      | Reached XP level 5. HP: 18/47 MP: 4/4
  2370 | D:3      | Reached skill level 5 in Fighting
  2370 | D:3      | Reached XP level 6. HP: 56/56 MP: 5/5
  2631 | D:3      | Reached *** piety under Trog
  2681 | D:3      | Noticed Terence
  2697 | D:3      | Killed Terence
  2886 | D:3      | Found an iron altar of Okawaru.
  2896 | D:3      | Found a hazy altar of Hepliaklqana.
  2997 | D:3      | Found a faded altar of an unknown god.
  3305 | D:1      | Reached skill level 1 in Long Blades
  3433 | D:3      | You fall into a shaft and drop 3 floors!
  3576 | D:6      | Noticed a sky beast
  3580 | D:6      | Killed a sky beast
  3581 | D:6      | Reached skill level 2 in Long Blades
  3581 | D:6      | Reached XP level 7. HP: 61/61 MP: 6/6
  3589 | D:6      | Reached skill level 3 in Long Blades
  3614 | D:5      | Entered Level 5 of the Dungeon
  3619 | D:5      | Noticed Pikel
  3638 | D:5      | Reached skill level 4 in Long Blades
  3645 | D:5      | Reached **** piety under Trog
  3646 | D:5      | Killed Pikel
  3647 | D:5      | Reached skill level 6 in Long Blades
  3647 | D:5      | Reached XP level 8. HP: 38/71 MP: 7/7
  3969 | D:4      | Found a transporter.
  3976 | D:4      | Noticed Leeroy's ghost (amateur OpTm)
  3993 | D:4      | Found a staircase to the Ecumenical Temple.
  4001 | D:4      | Noticed Duvessa
  4001 | D:4      | Noticed Dowan
  4015 | D:4      | Killed Dowan
  4016 | D:4      | Reached skill level 7 in Long Blades
  4016 | D:4      | Reached skill level 5 in Dodging
  4024 | D:4      | Slain by Duvessa

Illustrated notes

Levels and vault maps discovered:
D:1:      erik_arrival_cave_to_civilisation [erik_arrival_cave_to_temple],
          layout_basic, corexii_leaking_fountain, minmay_gold_behind_fungi
D:2:      layout_basic
D:3:      layout_loops_ring, amethyst_overflow_temple_binary,
          nicolae_ecumenical_lake_church, uniq_ijyb, uniq_sigmund, uniq_terence
D:4:      layout_basic, mainiacjoe_overflow_24_doors, minmay_temple_entry_hall,
          gammafunk_ghost_stat_death, portal_sewer_entry_e,
          nicolae_figureground_sparkle, uniq_duvessa
D:5:      layout_rooms, old_standard_altar, uniq_pikel, uniq_blork_the_orc
D:6:      layout_loops_ring, grunt_temple_overflow_magic_moments,
          mainiacjoe_overflow_two_lobes, uniq_eustachio

Skill      XL: |  1  2  3  4  5  6  7  8 |
---------------+-------------------------+-----
Maces & Flails | 4 5 6 |  6.6
Fighting       | 4 5 6 |  6.6
Armour         | 3 4 |  4.4
Dodging        | 3 4 5 |  5.0
Stealth        | 1 2 |  2.1
Long Blades    | 2 6 7 |  7.0

Action                   |  1- 3 |  4- 6 |  7- 9 || total
-------------------------+-------+-------+-------++-------
Melee: Mace              |    87 |    63 |       ||   150
       Headbutt          |    11 |    16 |     8 ||    35
       Punch             |     1 |       |       ||     1
       Long sword        |       |    45 |    58 ||   103
 Stab: Sleeping          |     1 |     1 |     2 ||     4
Armor: Leather armour    |    26 |    52 |     5 ||    83
       Animal skin       |     1 |       |       ||     1
       Robe              |       |       |    17 ||    17
Dodge: Dodged            |    41 |    76 |    36 ||   153

Table legend: (Time is in decaauts)
 A = Elapsed time spent in this place.
 B = Non-inter-level travel time spent in this place.
 C = Inter-level travel time spent in this place.
 D = Time resting spent in this place.
 E = Time spent auto-exploring this place.
 F = Levels seen in this place.
 G = Mean time per level.
                   A        B        C        D        E       F      G
               +--------+--------+--------+--------+--------+-----+--------+
         Total |   4072 |   3311 |    761 |    498 |   2091 |   6 |  678.7 |
       Dungeon |   4072 |   3311 |    761 |    498 |   2091 |   6 |  678.7 |
               +--------+--------+--------+--------+--------+-----+--------+

Top non-repeatable levels by time:
     D:1: 1609 daAuts
     D:3: 960 daAuts
     D:2: 906 daAuts
     D:5: 214 daAuts
     D:4: 199 daAuts
     D:6: 181 daAuts
